 Dungeon Sprint DCSS version 0.27-a0-1144-g0b7d3b79db (webtiles) character file.

Game seed: 9987056312462455309

34 Zeld the Gusty (level 3, -2/37 HPs)
             Began as an Octopode Air Elementalist on May 10, 2021.
             Was a Believer of Sif Muna.
             Slain by Terence
             ... wielding a +0 hand axe
              (9 damage)
             ... in the Dungeon (Sprint VII: "The Pits").
             The game lasted 00:01:28 (1302 turns).

Zeld the Gusty (Octopode Air Elementalist)          Turns: 1302, Time: 00:01:28

Health: -2/37      AC:  1    Str:  7    XL:     3   Next: 31%
Magic:  5/7        EV: 13    Int: 18    God:    Sif Muna [**....]
Gold:   0          SH:  0    Dex: 12    Spells: 5/8 levels left

rFire    . . .     SeeInvis .   (no weapon)
rCold    . . .     Faith    .   (no shield)
rNeg     . . .     Spirit   .   (helmet restricted)
rPois    .         Reflect  .   (no amulet)
rElec    .         Harm     .   (no ring)
rCorr    .         Rampage  .   (no ring)
Will     .....     NoTele   +   (no ring)
Stlth    ..........             (no ring)
HPRegen  0.12/turn              (no ring)
MPRegen  0.10/turn              (no ring)
                                (no ring)
                                (no ring)

@: berserking, very quick
A: almost no armour, amphibious, 8 rings, camouflage 1, gelatinous body 1,
(nimble swimmer 1), tentacles
a: Renounce Religion, Channel Magic


You were in the Dungeon.
You worshipped Sif Muna.
Sif Muna was pleased with you.
You visited 1 branch

Inventory:

Scrolls
 g - a scroll of blinking
 h - 5 scrolls of amnesia
 i - a scroll of summoning
Potions
 a - 2 potions of invisibility
 b - 6 potions of curing
 c - 6 potions of heal wounds
 d - a potion of haste
 e - 4 potions of magic
 f - a potion of berserk rage


   Skills:
 + Level 2.4 Fighting
 + Level 3.3 Dodging
 - Level 2.6 Stealth
 + Level 3.1 Spellcasting
 - Level 1.0 Conjurations
 * Level 5.0 Air Magic


You had 5 spell levels left.
You knew the following spells:

 Your Spells              Type           Power      Damage    Failure   Level
a - Shock                 Conj/Air       52%        1d6       4%          1
b - Static Discharge      Conj/Air       13%        N/A       7%          2

Your spell library contained the following spells:

 Spells                   Type           Power      Damage    Failure   Level
 Swiftness                Air            20%        N/A       6%          3
 Airstrike                Air            10%        N/A       21%         4
 Lightning Bolt           Conj/Air       6%         1d18      78%         5


Dungeon Overview and Level Annotations

Branches:
Dungeon (1/1)

Altars:
Ashenzari
Cheibriados
Dithmenos
Elyvilon
Fedhas
Gozag
Hepliaklqana
Kikubaaqudgha
Makhleb
Nemelex Xobeh
Okawaru
Qazlal
Ru
Sif Muna
Trog
Uskayaw
Vehumet
Wu Jian
Xom
Yredelemnul
Zin
The Shining One
Beogh
Jiyva
Lugonu

Annotations:
D Terence


Innate Abilities, Weirdness & Mutations

You cannot wear most types of armour.
You are amphibious.
You can wear up to eight rings at the same time.
Your skin changes colour to match your surroundings (Stealth+).
Your rubbery body absorbs attacks. (AC +1, EV +1)
((You are camouflaged near water. (Stealth+)))
You have tentacles for arms and can constrict up to eight enemies at once.


Message History

There is a glowing golden altar of the Shining One here.
There is a glowing silver altar of Zin here.
There is a glowing golden altar of the Shining One here.
There is an open door to the Temple (Safe) here.
There is an open door here.
There is an open door here.
You open the door.
There is an open door here.
As you open the door, it creaks loudly! 4 gnolls and Terence come into view.
Terence shouts!
The gnoll shouts! x3
Terence shouts, "Now you die!"
The zap hits Terence.
Terence is lightly wounded.
The zap hits the gnoll.
The gnoll is moderately wounded.
The zap hits the gnoll.
The gnoll is moderately wounded.
The zap hits the gnoll.
The gnoll is lightly wounded.
Terence hits you with a +0 hand axe!
The zap hits Terence.
Terence is moderately wounded.
The zap hits the gnoll.
The gnoll is heavily wounded.
The zap hits the gnoll.
The gnoll is heavily wounded.
The zap hits the gnoll.
The gnoll is moderately wounded.
The gnoll hits you from afar with a +0 spear.
Terence hits you with a +0 hand axe.
* * * LOW HITPOINT WARNING * * *
Unknown command.
Terence shouts, "DIE!!!"
There is an open door here.
A red film seems to cover your vision as you go berserk!
You feel yourself moving faster!
You feel mighty!
A scorpion comes into view.
Terence hits you with a +0 hand axe!
You die...

############
#_________.#
#_________.#
#_______...#######
##########'##.....
#.?(.')))'.##.....
##########.##.....
#...........'.....
#@#####'#####.....
#@#...#.#..##.....
#g#...#.#))#####'#
#.#.÷.'.#))##.....
#g##'####))##.....
#g#.÷÷..#[[##.....
#.#.....#'###...<.
#s#........##.....
#.#........##.....


You could see Terence, a scorpion (wandering) and 3 gnolls.

Vanquished Creatures
  2 river rats (D)
  An ufetubus (D)
  An adder skeleton (D)
  A ball python (D)
  A bat (D)
  2 quokkas (D)
  A frilled lizard (D)
9 creatures vanquished.

Notes
Turn   | Place    | Note
-------+----------+-------------------------------------------
     0 | D        | Zeld the Octopode Air Elementalist began the quest for the
                  | Orb.
     0 | D        | Reached XP level 1. HP: 11/11 MP: 3/3
    22 | D        | Found a bloodstained altar of Trog.
    22 | D        | Found a shimmering blue altar of Sif Muna.
    22 | D        | Found a viscous altar of Jiyva.
    22 | D        | Found a hazy altar of Hepliaklqana.
    22 | D        | Found an opulent altar of Gozag.
    23 | D        | Found a glowing golden altar of the Shining One.
    23 | D        | Found a glowing silver altar of Zin.
    23 | D        | Found a basalt altar of Yredelemnul.
    23 | D        | Found a shimmering altar of Xom.
    23 | D        | Found an ornate altar of the Wu Jian Council.
    23 | D        | Found a sacrificial altar of Ru.
    23 | D        | Found a stormy altar of Qazlal.
    23 | D        | Found an iron altar of Okawaru.
    23 | D        | Found a sparkling altar of Nemelex Xobeh.
    23 | D        | Found a burning altar of Makhleb.
    23 | D        | Found a blossoming altar of Fedhas.
    23 | D        | Found a white marble altar of Elyvilon.
    23 | D        | Found a shadowy altar of Dithmenos.
    23 | D        | Found a snail-covered altar of Cheibriados.
    24 | D        | Found a radiant altar of Vehumet.
    24 | D        | Found a corrupted altar of Lugonu.
    25 | D        | Found an ancient bone altar of Kikubaaqudgha.
    25 | D        | Found a hide-covered altar of Uskayaw.
    25 | D        | Found a broken altar of Ashenzari.
    26 | D        | Became a worshipper of Sif Muna the Loreminder
   391 | D        | Reached * piety under Sif Muna
   392 | D        | Reached skill level 1 in Fighting
   392 | D        | Reached skill level 4 in Air Magic
   392 | D        | Reached XP level 2. HP: 8/18 MP: 0/5
   692 | D        | Learned a level 2 spell: Static Discharge
   889 | D        | Reached ** piety under Sif Muna
   890 | D        | Reached XP level 3. HP: 6/24 MP: 0/7
  1167 | D        | Reached skill level 5 in Air Magic
  1289 | D        | Noticed Terence
  1302 | D        | Noticed a scorpion
  1302 | D        | Slain by Terence

Illustrated notes

Levels and vault maps discovered:
D:        pitsprint [storerooms_1, entrance_room_1, metal_vault_4, armoury_1,
          mini_pit_1, grid_room_1, main_hall_1, silver_pit, the_coven_1,
          the_vestibule_1, steel_vault_5, golden_pit, hallway_of_sentries,
          crystal_vault_2, iron_vault_4, final_vault]

Skill      XL: |  1  2  3 |
---------------+----------+-----
Fighting       | 1 2 |  2.4
Air Magic      | 4 5 |  5.0
Dodging        | 3 |  3.3
Spellcasting   | 3 |  3.1
Stealth        | |  2.6
Conjurations   | |  1.0

Action                   || total
-------------------------++-------
Melee: Unarmed           ||    14
       Constrict         ||     3
       Tentacles         ||     2
 Cast: Shock             ||    18
  Use: Potion            ||     2
Armor: Skin              ||     1
Dodge: Dodged            ||    20

Table legend: (Time is in decaauts)
 A = Elapsed time spent in this place.
 B = Non-inter-level travel time spent in this place.
 C = Inter-level travel time spent in this place.
 D = Time resting spent in this place.
 E = Time spent auto-exploring this place.
 F = Levels seen in this place.
 G = Mean time per level.
                   A        B        C        D        E       F      G
               +--------+--------+--------+--------+--------+-----+--------+
         Total |   1315 |   1301 |     14 |   1106 |      0 |   1 | 1315.0 |
       Dungeon |   1315 |   1301 |     14 |   1106 |      0 |   1 | 1315.0 |
               +--------+--------+--------+--------+--------+-----+--------+

Top non-repeatable levels by time:
       D: 1315 daAuts
